 Dungeon Crawl Stone Soup version 0.20-a0-151-g755e310 (webtiles) character file.

1699 Yakui the Shield-Bearer (level 8, -9/73 HPs)
             Began as a Deep Dwarf Fighter on Nov 22, 2016.
             Was a Follower of Makhleb.
             Mangled by an orc warrior
             ... wielding a +0 glaive
              (23 damage)
             ... on level 6 of the Dungeon.
             The game lasted 00:25:07 (4940 turns).

Yakui the Shield-Bearer (Deep Dwarf Fighter)        Turns: 4940, Time: 00:25:08

Health: -9/73      AC: 11    Str: 21    XL:     8   Next: 73%
Magic:  10/10      EV:  8    Int:  8    God:    Makhleb [*.....]
Gold:   269        SH: 10    Dex: 14    Spells: 7/7 levels left

rFire  . . .     SeeInvis .     a - +1 war axe
rCold  . . .     Gourm    .     m - +0 chain mail (curse)
rNeg   . . .     Faith    .     c - +0 shield
rPois  .         Spirit   .     (no helmet)
rElec  .         Reflect  .     (no cloak)
rCorr  .         Harm     .     (no gloves)
MR     +....                    l - +0 pair of boots
Stlth  ..........               (no amulet)
                                (no ring)
                                s - ring of loudness (curse)

@: non-regenerating
A: damage resistance, recharge devices, sense surroundings 1, slow regeneration
3
a: Device Recharging, Renounce Religion


You were on level 6 of the Dungeon.
You worshipped Makhleb.
Makhleb was aware of your devotion.
You were not hungry.

You visited 2 branches of the dungeon, and saw 7 of its levels.

You collected 269 gold pieces.


Innate Abilities, Weirdness & Mutations

You are resistant to damage.
You can recharge devices by infusing magical energy.
You passively map a small area around you.
You do not regenerate.


   Skills:
 + Level 4.7 Fighting
 + Level 5.0 Axes
 + Level 5.7 Armour
 + Level 4.4 Dodging
 + Level 5.9 Shields
 + Level 4.4 Invocations
 + Level 5.4 Evocations


You had 7 spell levels left.
You didn't know any spells.

Inventory:

Hand Weapons
 a - a +1 war axe (weapon)
Armour
 c - a +0 shield (worn)
 l - a +0 pair of boots (worn)
 m - a cursed +0 chain mail (worn)
 q - the +6 plate armour of the Dice {rF+ rN+ MR- Int+7}

   It affects your intelligence (+7).
   It protects you from fire.
   It protects you from negative energy.
   It affects your resistance to hostile enchantments.
Jewellery
 s - a cursed ring of loudness (left hand)
Wands
 e - a wand of heal wounds (3/9) {!d@v2}
Scrolls
 g - 3 scrolls of fog
 i - a scroll of identify {@r1}
 j - 5 scrolls of teleportation {@r4}
 r - a scroll of amnesia
Potions
 b - 3 potions of brilliance
 d - 4 potions of might
 k - 3 potions of curing {@q1}
 o - 2 potions of cancellation {unknown}
 p - 2 potions of flight
 t - a potion of haste {unknown}
Books
 n - a book of Changes

   Spells                             Type                      Level
   a - Beastly Appendage              Transmutation                1
   b - Sticks to Snakes               Transmutation                2
   c - Spider Form                    Transmutation/Poison         3
   d - Ice Form                       Ice/Transmutation            4
   e - Blade Hands                    Transmutation                5
Comestibles
 f - 3 bread rations
 h - 3 meat rations
 u - 7 chunks of flesh

Dungeon Overview and Level Annotations

Branches:
Dungeon (6/15)             Temple (1/1) D:4

Altars:
Ashenzari
Cheibriados
Dithmenos
Elyvilon
Gozag
Hepliaklqana
Kikubaaqudgha
Makhleb
Okawaru
Qazlal
Ru
Sif Muna
Trog
Uskayaw
Vehumet
Xom
Yredelemnul
Zin
The Shining One

Shops:
D:4 }

Annotations:
D:3 herpmino's ghost, amateur FoEE
D:6 Pikel; feito's ghost, novice HaFi

▒▒▒▒▒▒▒▒▒▒▒▒.. ▒.o..oo)......
▒.▒▒▒▒▒▒▒▒....
▒▒▒▒▒▒▒▒▒▒▒▒▒▒▒▒▒▒▒.▒▒▒▒▒▒▒▒....
▒▒..............goo..............
▒.....▒▒▒▒▒......o..............o
.............▒▒▒▒▒...........o...
▒.....▒▒▒▒▒▒.▒ ▒..▒.▒▒▒▒▒▒.....
.........▒ ▒.▒ ▒..▒.▒░░░░ [...
▒▒.▒..▒▒.▒ ▒.▒ ▒▒▒▒.▒ , ,
▒▒....▒▒.▒ ▒.▒ ▒.▒░, ░,
...▒[▒.▒.▒▒▒.▒ ▒.▒ ▒o▒
.▒▒.▒▒▒...▒▒.▒ ▒.▒░ ▒.▒


You could see an orc warrior, an orc wizard and an orc.


Message History

You see here a falchion of draining.
The orc warrior shouts!
An orc comes into view. It is wielding a whip of venom.
The orc wizard shouts!
The orc shouts!
Found a robe.
Press: ? - help, v - describe, . - travel
Here: an orc warrior, wielding a glaive and wearing a chain mail The floor.
Press: ? - help, v - describe, . - travel The floor.
You see here a falchion of draining.
You swing at nothing.
Evoke which item? (* to show all) (? for menu, Esc to quit)
Okay, then.
Use which ability? (? or * to list) Charge which item? (? for menu, Esc to quit)
Your wand of heal wounds (0/9) {!d@v2} glows for a moment and now has 4 charges.
Evoke which item? (* to show all) (? for menu, Esc to quit)
Zapping:
e - a wand of heal wounds (4/9) {!d@v2}
Press: ? - help, Shift-Dir - straight line, f - you You feel much better.
This wand has 3 charges left.
The orc warrior hits you but does no damage.
The orc warrior hits you with a glaive!
* * * LOW HITPOINT WARNING * * *
The orc wizard points at you and mumbles some strange words.
The puff of flame hits you!
* * * LOW HITPOINT WARNING * * *
You closely miss the orc warrior. You closely miss the orc wizard.
The orc warrior hits you with a glaive!!
You die...

Action                   |  1- 3 |  4- 6 |  7- 9 || total
-------------------------+-------+-------+-------++-------
Melee: War axe           |   138 |   254 |   280 ||   672
 Abil: Device Recharging |       |       |     2 ||     2
Evoke: Wand              |       |     5 |    10 ||    15
  Use: Scroll            |       |     9 |     1 ||    10
 Stab: Distracted        |       |     1 |       ||     1
  Eat: Chunk             |     2 |     5 |     3 ||    10
       Meat ration       |       |     1 |       ||     1
Armor: Scale mail        |    20 |       |       ||    20
       Plate armour      |    29 |       |       ||    29
       Chain mail        |    30 |   119 |   137 ||   286
Dodge: Dodged            |    22 |    73 |    80 ||   175
Block: Shield            |    78 |   133 |   131 ||   342

Vault maps used:
D:1:      eino_arrival_water_star, hex_medium
D:2:      gammafunk_temple_overflow_wave
D:3:      elyvilon_altar_3, minmay_misc_feat_tiny
D:4:      corexii_shack_village, serial_forest, infiniplex_forest_pool,
          infiniplex_forest_side_room, infiniplex_forest_corner_1,
          infiniplex_forest_zigzag_2, infiniplex_forest_clump_medium,
          serial_shops, shop, kennysheep_generic_room_13
D:5:      first_bread, serial_bayou_pond_b
D:6:      serial_bayou_pond_a, uniq_pikel
Temple:   eino_temple_rhombus

Notes
Turn   | Place    | Note
-------+----------+-------------------------------------------
     0 | D:1      | Yakui the Deep Dwarf Fighter began the quest for the Orb.
     0 | D:1      | Reached XP level 1. HP: 20/20 MP: 1/1
    50 | D:1      | Reached skill level 1 in Evocations
   101 | D:1      | Reached XP level 2. HP: 27/27 MP: 2/2
   503 | D:1      | Reached skill level 2 in Evocations
   623 | D:1      | Reached XP level 3. HP: 24/33 MP: 4/4
  1057 | D:2      | Reached skill level 3 in Fighting
  1092 | D:2      | Reached skill level 1 in Dodging
  1306 | D:2      | Found an opulent altar of Gozag.
  1306 | D:2      | Found a radiant altar of Vehumet.
  1439 | D:2      | Reached XP level 4. HP: 23/42 MP: 5/5
  1603 | D:3      | Noticed herpmino's ghost (amateur FoEE)
  1825 | D:3      | Found a white marble altar of Elyvilon.
  2410 | D:4      | Reached skill level 3 in Evocations
  2410 | D:4      | Reached XP level 5. HP: 24/49 MP: 7/7
  2443 | D:4      | Found Uxuig's Gadget Shoppe.
  2461 | D:4      | Reached skill level 4 in Shields
  2504 | D:4      | Reached skill level 3 in Axes
  2504 | D:4      | Reached skill level 4 in Armour
  2764 | D:4      | Found a staircase to the Ecumenical Temple.
  2773 | Temple   | Entered the Ecumenical Temple
  2938 | Temple   | Became a worshipper of Makhleb the Destroyer
  3007 | D:4      | Reached skill level 2 in Dodging
  3160 | D:4      | Reached XP level 6. HP: 12/56 MP: 8/8
  3389 | D:5      | Entered Level 5 of the Dungeon
  3389 | D:5      | Noticed a sky beast
  3444 | D:4      | HP: 5/56 [ogre/giant spiked club (11)]
  3447 | D:4      | Reached skill level 1 in Invocations
  3475 | D:5      | Got a heavily runed plate armour
  3479 | D:5      | Identified the +6 plate armour of the Dice {rF+ rN+ MR- Int+7} (You found it on level 5 of the Dungeon)
  3606 | D:4      | Killed a sky beast
  3705 | D:4      | Reached skill level 2 in Invocations
  3705 | D:4      | Reached skill level 4 in Evocations
  3705 | D:4      | Reached XP level 7. HP: 34/63 MP: 8/10
  3725 | D:5      | Reached skill level 3 in Dodging
  3727 | D:5      | HP: 2/63 [orc priest/divine providence (13)]
  3848 | D:5      | Reached skill level 3 in Invocations
  3977 | D:5      | Reached skill level 4 in Axes
  3977 | D:5      | Reached skill level 5 in Shields
  4089 | D:5      | Reached skill level 4 in Fighting
  4089 | D:5      | Reached skill level 5 in Armour
  4162 | D:5      | Reached XP level 8. HP: 14/72 MP: 11/11
  4427 | D:6      | Reached skill level 4 in Invocations
  4427 | D:6      | Reached skill level 5 in Evocations
  4451 | D:5      | HP: 7/73 [sky beast (1)]
  4451 | D:5      | HP: 3/73 [sky beast (4)]
  4473 | D:5      | HP: 6/73 [something (3)]
  4473 | D:5      | HP: 2/73 [something (4)]
  4489 | D:5      | Reached * piety under Makhleb
  4489 | D:5      | Reached skill level 4 in Dodging
  4701 | D:6      | Reached skill level 5 in Axes
  4820 | D:6      | Noticed feito's ghost (novice HaFi)
  4823 | D:6      | Noticed Pikel
  4940 | D:6      | Mangled by an orc warrior

Vanquished Creatures
  3 ice beasts (D:5)
  2 sky beasts
  4 slaves
  A phantom (D:5)
  A centaur (D:6)
  3 ogres
  A bullfrog (D:6)
  3 howler monkeys
  3 hounds
  A bullfrog skeleton (D:6)
  3 orc priests
  4 orc wizards
  3 worker ants
  A worker ant zombie (D:6)
  12 adders
  2 shadow imps (D:5)
  2 oozes
  A dart slug (D:5)
  3 worms
  4 leopard geckos
  17 orcs
  7 bats
  8 giant cockroaches
  7 goblins
  7 hobgoblins
  4 jackals (D:4)
  18 kobolds
  A ball python (D:1)
  4 frilled lizards
  A giant cockroach zombie (D:6)
  A leopard gecko zombie (D:5)
  2 quokka skeletons (D:4)
  7 rats
141 creatures vanquished.
